 Dungeon Crawl Stone Soup version 0.28-a0-1236-gb25a51b929 (webtiles) character file.

Game seed: 8330588083007204450

253 Danir the Covered (level 5, -3/38 (41) HPs)
             Began as a Demonspawn Fighter on Dec 25, 2021.
             Slain by an ogre (22 damage)
             ... on level 4 of the Dungeon.
             The game lasted 00:05:03 (2541 turns).

Danir the Covered (Demonspawn Fighter)              Turns: 2541, Time: 00:05:04

HP:   -3/38 (41)    AC: 10    Str: 18    XL:     5   Next: 90%
MP:   5/5           EV:  9    Int:  9    God:
Gold: 202           SH:  4    Dex: 13    Spells: 4/4 levels left

rFire   . . .      SeeInvis .   a - +0 flail
rCold   . . .      Faith    .   c - +0 buckler
rNeg    . . .      Spirit   .   b - +0 scale mail
rPois   .          Reflect  .   (helmet restricted)
rElec   .          Harm     .   (no cloak)
rCorr   .          Rampage  .   (no gloves)
Will    .....                   g - +0 pair of boots
Stlth   ..........              (no amulet)
HPRegen 0.12/turn               (no ring)
MPRegen 0.09/turn               (no ring)

@: drained
A: horns 1, molten scales 1, powered by death 1
a: no special abilities


You were on level 4 of the Dungeon.
You visited 1 branch of the dungeon, and saw 4 of its levels.

You collected 202 gold pieces.

Inventory:

Hand Weapons
 a - a +0 flail (weapon)
Armour
 b - a +0 scale mail (worn)
 c - a +0 buckler (worn)
 g - a +0 pair of boots (worn)
Jewellery
 n - an amulet of faith
Scrolls
 e - a scroll of enchant armour {unknown}
 f - 2 scrolls of vulnerability {unknown}
 h - 2 scrolls of immolation {unknown}
 i - 2 scrolls of teleportation {unknown}
 j - 2 scrolls of noise {unknown}
 m - a scroll of silence {unknown}
 o - a scroll of identify {unknown}
 p - a scroll of holy word {unknown}
Potions
 d - a potion of brilliance {unknown}
 k - a potion of flight {unknown}
 l - 2 potions of heal wounds {unknown}


   Skills:
 + Level 3.5 Fighting
 + Level 3.7 Maces & Flails
 + Level 3.9 Armour
 + Level 1.2 Dodging
 + Level 0.2 Stealth
 + Level 3.1 Shields


You had 4 spell levels left.
You didn't know any spells.
Your spell library was empty.

Dungeon Overview and Level Annotations

Branches:
Dungeon (4/15)
 Temple: D:4-7

Altars:

Shops:
D:3 [


Innate Abilities, Weirdness & Mutations

You have a pair of small horns on your head.
You are partially covered in molten scales. (AC +2)
You regenerate a little health from kills.


Message History

The adder hisses angrily.
Found 8 gold pieces.
Found a scroll labelled BIAT KOANOEN.
The adder bites you but does no damage. x2
You hit the adder.
The adder is lightly wounded.
The adder bites you but does no damage.
You barely miss the adder.
The adder is lightly wounded.
The adder closely misses you. The adder bites you but does no damage.
Your scale mail prevents you from hitting the adder.
You headbutt the adder!
The adder is almost dead.
The adder bites you. The adder closely misses you.
You thump the adder!
You kill the adder!
HP restored.
You now have 202 gold pieces (gained 8).
p - a scroll labelled BIAT KOANOEN An ogre comes into view.
It is wielding a +0 giant club.
Found a stone staircase leading down.
You thump the ogre!
The ogre is moderately wounded.
The ogre hits you with a +0 giant club!
You hit the ogre.
The ogre is heavily wounded.
The ogre hits you with a +0 giant club.
You completely miss the ogre. You headbutt the ogre.
The ogre is heavily wounded.
The ogre hits you with a +0 giant club.
You hit the ogre.
The ogre is severely wounded.
The ogre hits you but does no damage.
You barely miss the ogre. Your headbutt misses the ogre.
The ogre is severely wounded.
You block the ogre's attack.
You hit the ogre.
The ogre is severely wounded.
The ogre hits you with a +0 giant club!!
Ouch! That really hurt!
You die...

...##............
...###............
#...........#....
####.#...........
#.#...........
#.........####
##.########
#.#######
#...@O..#
#######.# .# O. ..
##


You could see an ogre.

Vanquished Creatures
  A bullfrog (D:4)
  An orc priest (D:3)
  Terence (D:2)
  A hound skeleton (D:4)
  Robin (D:3)
  3 adders
  3 worms
  2 dart slugs (D:1)
  4 orcs
  5 ball pythons
  4 bats
  3 endoplasms
  A giant cockroach (D:3)
  16 goblins
  5 hobgoblins
  11 jackals
  A quokka (D:3)
  2 frilled lizards
  2 rats
67 creatures vanquished.

Notes
Turn   | Place    | Note
-------+----------+-------------------------------------------
     0 | D:1      | Danir the Demonspawn Fighter began the quest for the Orb.
     0 | D:1      | Reached XP level 1. HP: 18/18 MP: 1/1
    95 | D:1      | Gained mutation: You regenerate a little health from kills.
                  | [demonic ancestry]
    95 | D:1      | Reached XP level 2. HP: 17/24 MP: 2/2
   527 | D:1      | Found a faded altar of an unknown god.
   685 | D:2      | Reached XP level 3. HP: 5/29 MP: 3/3
   986 | D:2      | Noticed Terence
  1003 | D:2      | Killed Terence
  1004 | D:2      | Gained mutation: You have a pair of small horns on your
                  | head. [demonic ancestry]
  1004 | D:2      | Reached XP level 4. HP: 27/35 MP: 4/4
  1767 | D:3      | Noticed Robin
  1775 | D:3      | Killed Robin
  1776 | D:3      | Gained mutation: You are partially covered in molten
                  | scales. (AC +2) [demonic ancestry]
  1776 | D:3      | Reached XP level 5. HP: 16/37 MP: 5/5
  1785 | D:3      | Reached skill level 1 in Dodging
  2115 | D:3      | Found Edeov's Antique Armour Shoppe.
  2530 | D:4      | Noticed an ogre
  2541 | D:4      | Slain by an ogre

Illustrated notes

Levels and vault maps discovered:
D:1:      lemuel_arrival_hallway, layout_basic,
          shapermc_ecumenical_altar_hornbeckon
D:2:      layout_rooms, uniq_terence
D:3:      kennysheep_goblin_castle, layout_basic, serial_shops, shop
D:4:      layout_rooms, serial_glass, glass_columns_c, glass_columns_a

Skill      XL: |  1  2  3  4  5 |
---------------+----------------+-----
Armour         | 3 |  3.9
Maces & Flails | 2 3 |  3.7
Shields        | 3 |  3.1
Dodging        | 1 |  1.2
Fighting       | |  3.5
Stealth        | |  0.2

Action                   |  1- 3 |  4- 6 || total
-------------------------+-------+-------++-------
Melee: Flail             |    77 |   132 ||   209
       Headbutt          |       |    27 ||    27
  Use: Potion            |       |     1 ||     1
Armor: Scale mail        |    39 |    97 ||   136
Dodge: Dodged            |    39 |    85 ||   124
Block: Buckler           |    18 |    29 ||    47

Table legend: (Time is in decaauts)
 A = Elapsed time spent in this place.
 B = Non-inter-level travel time spent in this place.
 C = Inter-level travel time spent in this place.
 D = Time resting spent in this place.
 E = Time spent auto-exploring this place.
 F = Levels seen in this place.
 G = Mean time per level.
                   A        B        C        D        E       F      G
               +--------+--------+--------+--------+--------+-----+--------+
         Total |   2605 |   2549 |     56 |      0 |   2035 |   4 |  651.2 |
       Dungeon |   2605 |   2549 |     56 |      0 |   2035 |   4 |  651.2 |
               +--------+--------+--------+--------+--------+-----+--------+

Top non-repeatable levels by time:
     D:3: 1035 daAuts
     D:2: 753 daAuts
     D:1: 611 daAuts
     D:4: 205 daAuts
